[Event "FICS rated blitz game"]
[Site "FICS freechess.org"]
[FICSGamesDBGameNo "20000132"]
[White "Pena"]
[Black "RookBook"]
[WhiteElo "1534"]
[BlackElo "1736"]
[WhiteRD "na"]
[BlackRD "na"]
[TimeControl "300+0"]
[Date "1999.01.17"]
[Time "09:29:00"]
[WhiteClock "0:05:00.000"]
[BlackClock "0:05:00.000"]
[ECO "D02"]
[PlyCount "94"]
[Result "0-1"]

1. d4 Nf6 2. Nf3 d5 3. Bf4 Bf5 4. c3 e6 5. Nbd2 c5 6. e3 Nc6 7. Ne5 Nxe5 8. dxe5 Nd7 9. Bb5 a6 10. Be2 Qc7 11. Nf3 Be7 12. h3 h6 13. g4 Bh7 14. Rg1 g5 15. Bg3 Qb6 16. Qb3 Qxb3 17. axb3 b5 18. b4 c4 19. Nd4 O-O 20. f4 Rfc8 21. fxg5 hxg5 22. Nf3 Be4 23. Kf2 Kg7 24. h4 gxh4 25. Nxh4 Bxh4 26. Bxh4 Nxe5 27. g5 Bd3 28. Bxd3 Nxd3+ 29. Ke2 Nxb2 30. Raf1 Nd3 31. g6 f5 32. Be7 Re8 33. Bd6 Rad8 34. Bc7 Rd7 35. Bb6 Kf6 36. g7 Rxg7 37. Bd4+ e5 38. Bb6 Reg8 39. Rxg7 Rxg7 40. Bd8+ Ke6 41. Bh4 Rg2+ 42. Bf2 Rxf2+ 43. Rxf2 Nxf2 44. Kxf2 f4 45. Kf3 fxe3 46. Kxe3 Kf5 47. Kf3 d4 {White resigns} 0-1

[Event "FICS rated blitz game"]
[Site "FICS freechess.org"]
[FICSGamesDBGameNo "20000131"]
[White "lyudmil"]
[Black "krav"]
[WhiteElo "1763"]
[BlackElo "1637"]
[WhiteRD "na"]
[BlackRD "na"]
[TimeControl "300+0"]
[Date "1999.01.15"]
[Time "21:56:00"]
[WhiteClock "0:05:00.000"]
[BlackClock "0:05:00.000"]
[ECO "B12"]
[PlyCount "104"]
[Result "0-1"]

1. e4 c6 2. d4 d5 3. e5 Bf5 4. Nf3 e6 5. c3 c5 6. Bd3 Bxd3 7. Qxd3 Nc6 8. O-O Qb6 9. b3 Nge7 10. Be3 cxd4 11. cxd4 Nf5 12. Rd1 Be7 13. Nc3 O-O 14. Ne2 Rac8 15. Rac1 Ba3 16. Rc3 Bb2 17. Rc5 Ba3 18. Rb5 Qa6 19. Bc1 Bxc1 20. Rxc1 Nb4 21. Rxc8 Rxc8 22. Rc5 Rxc5 23. Qxa6 Nxa6 24. dxc5 Nxc5 25. Kf1 Kf8 26. Ke1 Nd3+ 27. Kf1 Ke7 28. g4 Nh6 29. h3 Nb4 30. Nc1 Kd7 31. Ke2 Ng8 32. Nd4 a6 33. f4 Ne7 34. Kd2 Nbc6 35. Ke3 Nxd4 36. Kxd4 Nc6+ 37. Kc3 Kc7 38. Nd3 b6 39. a3 a5 40. b4 axb4+ 41. axb4 Kb7 42. Nf2 Ka6 43. Nd3 Kb5 44. h4 d4+ 45. Kb3 Ne7 46. Nb2 Nd5 47. Nd3 Ne3 48. g5 Ng2 49. h5 Ne3 50. Nf2 Nd5 51. Ne4 Kc6 52. Nd6 f6 {White forfeits on time} 0-1

[Event "FICS rated lightning game"]
[Site "FICS freechess.org"]
[FICSGamesDBGameNo "20000130"]
[White "MilkRam"]
[Black "chessdoc"]
[WhiteElo "1575"]
[BlackElo "1587"]
[WhiteRD "na"]
[BlackRD "na"]
[TimeControl "0+1"]
[Date "1999.01.15"]
[Time "17:04:00"]
[WhiteClock "0:10.000"]
[BlackClock "0:10.000"]
[ECO "B00"]
[PlyCount "99"]
[Result "1-0"]

1. e4 b6 2. d4 c5 3. dxc5 bxc5 4. Nc3 Bb7 5. Be3 d6 6. Nf3 Nc6 7. Bc4 e6 8. O-O g6 9. Qd2 Bg7 10. Rad1 Nge7 11. Na4 Nd4 12. Nxd4 cxd4 13. Bxd4 O-O 14. Bxg7 Kxg7 15. Nc3 f6 16. f4 e5 17. f5 g5 18. Be2 Nc6 19. Bh5 Qd7 20. Rde1 h6 21. Ne2 Rad8 22. c3 d5 23. Qe3 dxe4 24. Qxe4 Qe7 25. Qc4 Rc8 26. Qb3 Rb8 27. Ng3 Rfc8 28. Qc2 a5 29. Rd1 Ba6 30. Rf2 Bb5 31. Rfd2 a4 32. Rd7 Na5 33. Rxe7+ Kh8 34. Rf7 Rg8 35. Rxf6 Nc4 36. Rxh6+ Kg7 37. Rg6+ Kf7 38. Rdd6 Rbe8 39. Rdf6+ Ke7 40. b3 Rgf8 41. bxc4 Rxf6 42. Rxf6 Kxf6 43. cxb5 e4 44. Qxa4 Re5 45. Qa6+ Kg7 46. Qb7+ Kh6 47. Qc6+ Kg7 48. Qg6+ Kf8 49. f6 Re6 50. Qg7# {Black checkmated} 1-0

[Event "FICS rated blitz game"]
[Site "FICS freechess.org"]
[FICSGamesDBGameNo "20000129"]
[White "walle"]
[Black "matru"]
[WhiteElo "1683"]
[BlackElo "1732"]
[WhiteRD "na"]
[BlackRD "na"]
[TimeControl "300+0"]
[Date "1999.01.15"]
[Time "16:59:00"]
[WhiteClock "0:05:00.000"]
[BlackClock "0:05:00.000"]
[ECO "B23"]
[PlyCount "55"]
[Result "1-0"]

1. e4 c5 2. Nc3 Nc6 3. f4 g6 4. Nf3 Bg7 5. g3 e6 6. d3 Nge7 7. Bg2 d5 8. O-O O-O 9. exd5 Nxd5 10. Nxd5 exd5 11. Nh4 f5 12. Nf3 Re8 13. Ng5 h6 14. Nf3 Qc7 15. Rb1 b6 16. b3 Bb7 17. Bb2 d4 18. Nh4 Kh7 19. g4 fxg4 20. Qxg4 Qd6 21. f5 g5 22. f6 Bxf6 23. Qf5+ Kg8 24. Qg6+ Kh8 25. Qxh6+ Kg8 26. Qg6+ Kh8 27. Rxf6 Qe7 28. Rf7 {Black resigns} 1-0

[Event "FICS rated lightning game"]
[Site "FICS freechess.org"]
[FICSGamesDBGameNo "20000127"]
[White "dhiman"]
[Black "antihero"]
[WhiteElo "1526"]
[BlackElo "1666"]
[WhiteRD "na"]
[BlackRD "na"]
[TimeControl "120+0"]
[Date "1999.01.15"]
[Time "15:29:00"]
[WhiteClock "0:02:00.000"]
[BlackClock "0:02:00.000"]
[ECO "B21"]
[PlyCount "78"]
[Result "0-1"]

1. e4 c5 2. Nf3 Nc6 3. d4 cxd4 4. c3 dxc3 5. Nxc3 g6 6. Bb5 Bg7 7. O-O d6 8. Qa4 Bd7 9. Rd1 a6 10. e5 Nxe5 11. Bxd7+ Nxd7 12. Nd5 Bf6 13. Be3 Bxb2 14. Rab1 Bg7 15. Nb6 Nf6 16. Ne5 O-O 17. Nexd7 Nxd7 18. Qxd7 Qxd7 19. Nxd7 Rfd8 20. Rxb7 Rac8 21. Nb6 Rc2 22. Rb1 Rxa2 23. Nd5 e6 24. Ne7+ Kf8 25. Bg5 f6 26. Nc6 Rc8 27. Rb8 Rxb8 28. Rxb8+ Kf7 29. Nd8+ Ke7 30. Rb7+ Kxd8 31. h4 Ra1+ 32. Kh2 fxg5 33. Rxg7 gxh4 34. Kh3 Ra2 35. f3 a5 36. Rxh7 a4 37. Rg7 a3 38. Rxg6 Ra1 39. Rxe6 a2 {White forfeits on time} 0-1

[Event "FICS rated blitz game"]
[Site "FICS freechess.org"]
[FICSGamesDBGameNo "20000126"]
[White "Benkku"]
[Black "marmot"]
[WhiteElo "1761"]
[BlackElo "1757"]
[WhiteRD "na"]
[BlackRD "na"]
[TimeControl "120+12"]
[Date "1999.01.15"]
[Time "14:31:00"]
[WhiteClock "0:02:00.000"]
[BlackClock "0:02:00.000"]
[ECO "B56"]
[PlyCount "110"]
[Result "0-1"]

1. e4 c5 2. Nf3 Nc6 3. d4 cxd4 4. Nxd4 Nf6 5. Nc3 d6 6. Be3 Ng4 7. Nxc6 bxc6 8. Bf4 Qb6 9. Qd2 e5 10. Bg3 h5 11. h3 Nf6 12. Bc4 h4 13. Bh2 Be7 14. Rb1 O-O 15. O-O Nh5 16. Ne2 Bb7 17. Kh1 Rad8 18. a4 d5 19. exd5 cxd5 20. Ba2 Bf6 21. c3 Rfe8 22. Rbd1 d4 23. cxd4 exd4 24. Rfe1 Qc6 25. f3 d3 26. Nc3 Rxe1+ 27. Rxe1 Ng3+ 28. Bxg3 hxg3 29. Bb1 Ba6 30. Ne4 Qb6 31. Nxg3 Qxb2 32. Ne4 Qxd2 33. Nxd2 Bc3 34. Rd1 Rb8 35. Ne4 Be5 36. Nc5 Bc4 37. Bxd3 Bxd3 38. Nxd3 Bd6 39. Kg1 Rb3 40. Kf1 Ra3 41. Nb2 Bc5 42. Rd2 Ra2 43. Rd5 Bb6 44. Rb5 Bd4 45. Nc4 Rxa4 46. Nd2 Ra2 47. Nb3 Bb6 48. h4 Rf2+ 49. Kg1 Rb2+ 50. Kh2 Bf2 51. h5 a5 52. Rb7 a4 53. Rb8+ Kh7 54. Rb7 Rxb3 55. Rxf7 a3 {White resigns} 0-1

[Event "FICS rated blitz game"]
[Site "FICS freechess.org"]
[FICSGamesDBGameNo "20000124"]
[White "Maksim"]
[Black "LauriK"]
[WhiteElo "1211"]
[BlackElo "1224"]
[WhiteRD "na"]
[BlackRD "na"]
[TimeControl "300+12"]
[Date "1999.01.15"]
[Time "10:14:00"]
[WhiteClock "0:05:00.000"]
[BlackClock "0:05:00.000"]
[ECO "D20"]
[PlyCount "109"]
[Result "1-0"]

1. d4 e6 2. c4 d5 3. Nc3 dxc4 4. Bf4 Bb4 5. Qa4+ Nc6 6. e3 Bxc3+ 7. bxc3 Bd7 8. Qxc4 Nge7 9. Nf3 O-O 10. Bd3 a6 11. O-O Rc8 12. Be4 Kh8 13. Qd3 g6 14. Bg5 Kg8 15. c4 Nb4 16. Qc3 Nbc6 17. d5 exd5 18. cxd5 Na7 19. Bh6 f6 20. Bxf8 Qxf8 21. Qb3 Kg7 22. Qxb7 Nb5 23. Qxa6 Ra8 24. Qb7 Ra7 25. d6 Rxb7 26. dxe7 Qxe7 27. Bxb7 c6 28. Ba6 Nd6 29. Rad1 Bg4 30. Be2 h5 31. h3 Bf5 32. a4 Qa7 33. Rxd6 Qxa4 34. Nd4 Qa2 35. Nxf5+ gxf5 36. Bxh5 Kh6 37. Bf3 Kg5 38. Rxc6 Qa4 39. Rc5 Qb4 40. Rfc1 Kg6 41. Rc6 f4 42. exf4 Qxf4 43. R6c4 Qd2 44. Rg4+ Kf7 45. Rd1 Qc3 46. Bd5+ Ke7 47. Re4+ Kf8 48. Rde1 Kg7 49. R4e3 Qb4 50. Re7+ Kg6 51. R7e3 Qd4 52. Bb3 Qb4 53. Rg3+ Kh6 54. Re8 Qe1+ 55. Rxe1 {Black resigns} 1-0

[Event "FICS rated blitz game"]
[Site "FICS freechess.org"]
[FICSGamesDBGameNo "20000123"]
[White "Confucius"]
[Black "Gotama"]
[WhiteElo "1580"]
[BlackElo "1567"]
[WhiteRD "na"]
[BlackRD "na"]
[TimeControl "180+6"]
[Date "1999.01.15"]
[Time "08:05:00"]
[WhiteClock "0:03:00.000"]
[BlackClock "0:03:00.000"]
[ECO "C87"]
[PlyCount "57"]
[Result "1-0"]

1. e4 e5 2. Nf3 Nc6 3. Bb5 a6 4. Ba4 Nf6 5. O-O Be7 6. Re1 O-O 7. Bxc6 bxc6 8. Nxe5 Bd6 9. Nf3 Bc5 10. d4 Ba7 11. Bg5 d6 12. e5 dxe5 13. Bxf6 Qxf6 14. dxe5 Qg6 15. Qd3 Bf5 16. Qc3 Bh3 17. g3 Qf5 18. Nbd2 Rfe8 19. Qxc6 Bb6 20. Nf1 g5 21. Ne3 Bxe3 22. Rxe3 Rad8 23. Rae1 g4 24. Nh4 Qg5 25. e6 fxe6 26. Rxe6 Rf8 27. Qc4 Rd7 28. R6e5+ Rdf7 29. Rxg5+ {Black resigns} 1-0

[Event "FICS rated blitz game"]
[Site "FICS freechess.org"]
[FICSGamesDBGameNo "20000122"]
[White "MinoanPrince"]
[Black "ENGLUNDO"]
[WhiteElo "1923"]
[BlackElo "2024"]
[WhiteRD "na"]
[BlackRD "na"]
[TimeControl "180+0"]
[Date "1999.01.14"]
[Time "14:34:00"]
[WhiteClock "0:03:00.000"]
[BlackClock "0:03:00.000"]
[ECO "A54"]
[PlyCount "45"]
[Result "1-0"]

1. d4 d6 2. c4 c6 3. Nf3 Nd7 4. g3 e5 5. Bg2 Ngf6 6. O-O Be7 7. Nc3 O-O 8. h3 Re8 9. e4 a6 10. Qc2 Bf8 11. Re1 b5 12. cxb5 cxb5 13. Bg5 h6 14. Be3 Bb7 15. Rad1 b4 16. Nd5 Bxd5 17. exd5 Nxd5 18. dxe5 Nxe3 19. Rxe3 dxe5 20. Nxe5 Ra7 21. Nc6 Rc7 22. Qf5 Rxe3 23. Nxd8 {Black resigns} 1-0

[Event "FICS rated blitz game"]
[Site "FICS freechess.org"]
[FICSGamesDBGameNo "20000121"]
[White "chessloon"]
[Black "Zap"]
[WhiteElo "1620"]
[BlackElo "1689"]
[WhiteRD "na"]
[BlackRD "na"]
[TimeControl "120+12"]
[Date "1999.01.13"]
[Time "20:13:00"]
[WhiteClock "0:02:00.000"]
[BlackClock "0:02:00.000"]
[ECO "C26"]
[PlyCount "70"]
[Result "0-1"]

1. e4 e5 2. Nc3 Nf6 3. Nge2 d5 4. exd5 Nxd5 5. Ne4 f5 6. N4c3 Nc6 7. d3 Be6 8. Ng3 Qf6 9. Be2 Bb4 10. Bd2 Nxc3 11. bxc3 Bc5 12. O-O O-O 13. Kh1 Rad8 14. Nh5 Qg6 15. f4 Bd5 16. Bf3 e4 17. dxe4 fxe4 18. Bg4 e3 19. f5 Qg5 20. f6 gxf6 21. Rf5 Qg6 22. Qf1 Qxg4 23. Nxf6+ Rxf6 24. Rxf6 Bxg2+ 25. Qxg2 Qxg2+ 26. Kxg2 exd2 27. Rd1 Be7 28. Rf3 Na5 29. Rg3+ Kf7 30. Rf1+ Ke8 31. Rg8+ Kd7 32. Rxd8+ Kxd8 33. Rd1 Nc4 34. Kf3 Bg5 35. Ke4 Nb2 {White resigns} 0-1

[Event "FICS rated blitz game"]
[Site "FICS freechess.org"]
[FICSGamesDBGameNo "20000120"]
[White "mandevil"]
[Black "mjctac"]
[WhiteElo "1770"]
[BlackElo "1469"]
[WhiteRD "na"]
[BlackRD "na"]
[TimeControl "120+12"]
[Date "1999.01.13"]
[Time "19:14:00"]
[WhiteClock "0:02:00.000"]
[BlackClock "0:02:00.000"]
[ECO "E76"]
[PlyCount "47"]
[Result "1-0"]

1. d4 Nf6 2. c4 g6 3. Nc3 d6 4. e4 Bg7 5. f4 Nbd7 6. Nf3 c5 7. d5 O-O 8. Be2 Re8 9. O-O Nb6 10. Qc2 e5 11. fxe5 dxe5 12. b3 Bg4 13. Bb2 Nh5 14. a4 Nf4 15. Bd1 f5 16. a5 Nc8 17. a6 b6 18. h3 Bh5 19. exf5 gxf5 20. Nb5 e4 21. Bxg7 Kxg7 22. Qd2 Qg5 23. Nxg5 e3 24. Qc3+ {Black resigns} 1-0

[Event "FICS rated blitz game"]
[Site "FICS freechess.org"]
[FICSGamesDBGameNo "20000119"]
[White "tewald"]
[Black "ilasa"]
[WhiteElo "1353"]
[BlackElo "1359"]
[WhiteRD "na"]
[BlackRD "na"]
[TimeControl "120+12"]
[Date "1999.01.13"]
[Time "17:35:00"]
[WhiteClock "0:02:00.000"]
[BlackClock "0:02:00.000"]
[ECO "B30"]
[PlyCount "79"]
[Result "1-0"]

1. e4 c5 2. d3 Nc6 3. Nf3 d6 4. g3 e5 5. Bg2 Nf6 6. O-O Bg4 7. Nbd2 Be7 8. h3 Bxf3 9. Nxf3 O-O 10. c3 b5 11. h4 d5 12. exd5 Nxd5 13. h5 h6 14. Re1 f6 15. c4 bxc4 16. dxc4 Ndb4 17. Qxd8 Raxd8 18. Re2 Nd4 19. Nxd4 Rxd4 20. b3 Rfd8 21. Bb2 Rd1+ 22. Rxd1 Rxd1+ 23. Kh2 Nd3 24. Ba3 Nxf2 25. Rxf2 Re1 26. Bd5+ Kh8 27. Rd2 e4 28. Bc6 e3 29. Rd7 Re2+ 30. Kh3 Rxa2 31. Rxe7 Rxa3 32. Rxe3 Ra6 33. Bb5 Rd6 34. Re8+ Kh7 35. Re7 a6 36. Ba4 f5 37. Be8 Rd3 38. Bg6+ Kg8 39. Bxf5 Kf8 40. Rc7 {Black resigns} 1-0

[Event "FICS rated blitz game"]
[Site "FICS freechess.org"]
[FICSGamesDBGameNo "20000118"]
[White "Razoes"]
[Black "Bamse"]
[WhiteElo "2147"]
[BlackElo "2077"]
[WhiteRD "na"]
[BlackRD "na"]
[TimeControl "300+0"]
[Date "1999.01.13"]
[Time "15:31:00"]
[WhiteClock "0:05:00.000"]
[BlackClock "0:05:00.000"]
[ECO "B50"]
[PlyCount "197"]
[Result "1-0"]

1. e4 c5 2. Nc3 d6 3. Nf3 Nc6 4. Bb5 Bd7 5. d4 cxd4 6. Nxd4 a6 7. Nxc6 bxc6 8. Bc4 Qa5 9. Bd2 Qc5 10. Bb3 Nf6 11. Be3 Qb4 12. a3 Qa5 13. O-O Ng4 14. Qf3 Ne5 15. Qg3 h5 16. Bd4 h4 17. Qe3 Qc7 18. h3 Ng6 19. Bb6 Qb7 20. Rfd1 e6 21. Ba4 Be7 22. Ba5 Ne5 23. b3 Rh5 24. b4 g6 25. Bb3 Kf8 26. f4 c5 27. fxe5 Rxe5 28. Qh6+ Kg8 29. Rf1 Be8 30. Rae1 Rc8 31. Qe3 cxb4 32. axb4 d5 33. Qf4 Bd6 34. Qd2 Qc6 35. exd5 Qxc3 36. Qxc3 Rxc3 37. dxe6 fxe6 38. Rxe5 Bxe5 39. Bxe6+ Kg7 40. Bb3 Bd4+ 41. Kh1 Bc6 42. Rd1 Be3 43. b5 Rxb3 44. cxb3 Bxb5 45. Re1 Bf2 46. Re7+ Kf6 47. Rb7 Bg3 48. b4 Kf5 49. Rb6 Be5 50. Rb7 Bd4 51. Bc7 Bf6 52. Bh2 g5 53. Rb6 Bd4 54. Rd6 Bf6 55. Rd5+ Ke6 56. Rc5 Be7 57. Rc7 Bxb4 58. Rg7 Be7 59. Rg6+ Kf5 60. Rb6 Bc5 61. Rb7 Bd4 62. Bc7 Bc4 63. Rb8 Bf6 64. Rf8 Ke6 65. Ra8 Bb5 66. Bh2 Bc3 67. Bc7 Kd7 68. Bb6 Kc6 69. Be3 Bf6 70. Rf8 Be7 71. Rf7 Bd8 72. Rf8 Be7 73. Rg8 Bc4 74. Rg7 Bf6 75. Rg6 Kd5 76. Rxf6 Ke4 77. Bxg5 a5 78. Bxh4 a4 79. Rc6 Kd5 80. Rb6 a3 81. Rb4 a2 82. Ra4 Bb3 83. Ra3 Kc4 84. Be1 Bd1 85. Rxa2 Bb3 86. Rf2 Kd4 87. h4 Ke3 88. h5 Be6 89. h6 Ke4 90. h7 Ke5 91. h8=Q+ Kd5 92. Qf6 Kd6 93. Rd2+ Kc5 94. Qxe6 Kb5 95. Qc8 Kb4 96. Rb2+ Ka3 97. Rb1 Ka2 98. Rb6 Ka3 99. Qa8# {Black checkmated} 1-0

[Event "FICS rated blitz game"]
[Site "FICS freechess.org"]
[FICSGamesDBGameNo "20000117"]
[White "Rokura"]
[Black "EmF"]
[WhiteElo "1638"]
[BlackElo "1834"]
[WhiteRD "na"]
[BlackRD "na"]
[TimeControl "180+0"]
[Date "1999.01.13"]
[Time "09:00:00"]
[WhiteClock "0:03:00.000"]
[BlackClock "0:03:00.000"]
[ECO "C42"]
[PlyCount "76"]
[Result "1-0"]

1. e4 e5 2. Nf3 Nf6 3. Nxe5 d6 4. Nf3 Nxe4 5. d4 d5 6. Bd3 Nc6 7. O-O Be7 8. Re1 Bg4 9. Bxe4 dxe4 10. Rxe4 Bxf3 11. Qxf3 Nxd4 12. Qc3 Ne6 13. Bf4 Bf6 14. Be5 Bxe5 15. Rxe5 Qd6 16. Nd2 O-O-O 17. Ne4 Qd1+ 18. Qe1 Qxe1+ 19. Rxe1 Rd4 20. Nc3 Rd2 21. R5e2 Rhd8 22. g3 h5 23. Kg2 g6 24. h4 a6 25. Ne4 Rxe2 26. Rxe2 Rd1 27. Nf6 Kd8 28. a3 c6 29. Ne4 Kc7 30. Rd2 Rxd2 31. Nxd2 Kd6 32. Ne4+ Kd5 33. Nf6+ Kd4 34. Nd7 c5 35. Nb6 c4 36. Na4 b5 37. Nc3 Nc5 38. Ne2+ Ke5 {Black forfeits on time} 1-0

[Event "FICS rated blitz game"]
[Site "FICS freechess.org"]
[FICSGamesDBGameNo "20000116"]
[White "marcs"]
[Black "fresh"]
[WhiteElo "1558"]
[BlackElo "1685"]
[WhiteRD "na"]
[BlackRD "na"]
[TimeControl "180+0"]
[Date "1999.01.12"]
[Time "12:54:00"]
[WhiteClock "0:03:00.000"]
[BlackClock "0:03:00.000"]
[ECO "A02"]
[PlyCount "50"]
[Result "0-1"]

1. f4 c5 2. Nf3 Nc6 3. e3 d5 4. Be2 Bg4 5. O-O Bxf3 6. Bxf3 e6 7. d4 Nf6 8. c3 cxd4 9. exd4 Be7 10. Nd2 O-O 11. Nb3 Rc8 12. Nc5 Bxc5 13. dxc5 Qe7 14. Re1 Qxc5+ 15. Be3 Qd6 16. g3 Rfe8 17. Qb3 b6 18. Rad1 Qc7 19. Be2 Ne4 20. Bb5 Red8 21. Bd3 Na5 22. Qc2 Nc4 23. Bxe4 dxe4 24. Qxe4 Nxe3 25. Rd3 Rxd3 {White forfeits on time} 0-1

[Event "FICS rated blitz game"]
[Site "FICS freechess.org"]
[FICSGamesDBGameNo "20000115"]
[White "SLAPWA"]
[Black "DiplPsych"]
[WhiteElo "1610"]
[BlackElo "1700"]
[WhiteRD "na"]
[BlackRD "na"]
[TimeControl "300+0"]
[Date "1999.01.12"]
[Time "08:28:00"]
[WhiteClock "0:05:00.000"]
[BlackClock "0:05:00.000"]
[ECO "B89"]
[PlyCount "76"]
[Result "0-1"]

1. e4 c5 2. Nf3 Nc6 3. d4 cxd4 4. Nxd4 Nf6 5. Nc3 d6 6. Bc4 e6 7. Bb3 Be7 8. Be3 O-O 9. Qe2 Qc7 10. O-O-O a6 11. Rhg1 Na5 12. g4 b5 13. g5 Nd7 14. g6 Nxb3+ 15. axb3 Nc5 16. gxh7+ Kh8 17. Qg4 Bf6 18. Bg5 Qe7 19. Nc6 Bxg5+ 20. Kb1 Qf6 21. Qxg5 Qxg5 22. Rxg5 b4 23. Rxd6 bxc3 24. Rxc5 cxb2 25. Nd8 Bd7 26. Rxd7 Raxd8 27. Rcc7 Rxd7 28. Rxd7 f5 29. e5 Kxh7 30. Rd6 Re8 31. Rxa6 Kg6 32. Kxb2 Kg5 33. Ra4 f4 34. Re4 Kf5 35. f3 g5 36. Re2 Rd8 37. b4 Rd5 38. c4 Rd3 {White forfeits on time} 0-1

[Event "FICS rated blitz game"]
[Site "FICS freechess.org"]
[FICSGamesDBGameNo "20000114"]
[White "Koka"]
[Black "Miha"]
[WhiteElo "1996"]
[BlackElo "2054"]
[WhiteRD "na"]
[BlackRD "na"]
[TimeControl "180+0"]
[Date "1999.01.11"]
[Time "14:44:00"]
[WhiteClock "0:03:00.000"]
[BlackClock "0:03:00.000"]
[ECO "A42"]
[PlyCount "109"]
[Result "1-0"]

1. d4 g6 2. c4 Bg7 3. Nc3 c6 4. e4 d6 5. Nf3 Nf6 6. Bd3 O-O 7. O-O Na6 8. Bg5 Nb4 9. Bb1 Bg4 10. h3 Bd7 11. Qd2 Na6 12. Rd1 Qc8 13. e5 Nh5 14. Bxe7 Re8 15. Bxd6 Nc7 16. d5 cxd5 17. cxd5 Bf8 18. Bxf8 Rxf8 19. Ne4 Bxh3 20. Nf6+ Kh8 21. Qh6 Nxf6 22. exf6 Rg8 23. Qxh3 Qxh3 24. gxh3 Rgd8 25. Be4 h6 26. Ne5 Kg8 27. Rac1 Nb5 28. a4 Nd6 29. Bf3 Rac8 30. Rxc8 Rxc8 31. Kf1 Ne8 32. b3 Nxf6 33. d6 Rd8 34. Bxb7 Kg7 35. d7 Nxd7 36. Rxd7 Rxd7 37. Nxd7 f5 38. Nc5 Kf6 39. b4 Ke5 40. a5 Kd6 41. a6 g5 42. Nd3 Kc7 43. Ke2 Kb6 44. Kf3 Kb5 45. Ke3 Kc4 46. f4 g4 47. hxg4 fxg4 48. f5 g3 49. f6 g2 50. Bxg2 h5 51. f7 h4 52. f8=Q h3 53. Qc5+ Kb3 54. Bd5+ Ka4 55. Qa5# {Black checkmated} 1-0

[Event "FICS rated blitz game"]
[Site "FICS freechess.org"]
[FICSGamesDBGameNo "20000113"]
[White "Fridolin"]
[Black "DangerousDan"]
[WhiteElo "1642"]
[BlackElo "1510"]
[WhiteRD "na"]
[BlackRD "na"]
[TimeControl "300+0"]
[Date "1999.01.11"]
[Time "11:29:00"]
[WhiteClock "0:05:00.000"]
[BlackClock "0:05:00.000"]
[ECO "C19"]
[PlyCount "51"]
[Result "1-0"]

1. d4 e6 2. e4 d5 3. Nc3 Bb4 4. e5 c5 5. a3 Bxc3+ 6. bxc3 Ne7 7. a4 Bd7 8. f4 Qa5 9. Qd2 Nbc6 10. Nf3 O-O 11. Bb5 a6 12. Bd3 b5 13. O-O h6 14. Ba3 cxd4 15. cxd4 Qxd2 16. Nxd2 b4 17. Bb2 a5 18. c3 Rac8 19. cxb4 Nxb4 20. Bb5 Rfd8 21. Nb3 Rc2 22. Ba3 Bxb5 23. axb5 Ra8 24. Nxa5 Rxa5 25. Bxb4 Rxa1 26. Rxa1 {Black forfeits on time} 1-0

[Event "FICS rated blitz game"]
[Site "FICS freechess.org"]
[FICSGamesDBGameNo "20000112"]
[White "tomz"]
[Black "drunky"]
[WhiteElo "1588"]
[BlackElo "1588"]
[WhiteRD "na"]
[BlackRD "na"]
[TimeControl "180+6"]
[Date "1999.01.11"]
[Time "09:48:00"]
[WhiteClock "0:03:00.000"]
[BlackClock "0:03:00.000"]
[ECO "A45"]
[PlyCount "59"]
[Result "1-0"]

1. d4 Nf6 2. Nc3 b6 3. e4 Bb7 4. e5 Nd5 5. Nf3 e6 6. Bd3 Be7 7. O-O Nxc3 8. bxc3 d6 9. Be3 dxe5 10. Nxe5 Nd7 11. Qg4 Bf6 12. f4 h5 13. Qe2 a6 14. f5 Bxe5 15. dxe5 Nxe5 16. fxe6 f6 17. Bd4 Qd5 18. Bxe5 Qxe5 19. Bg6+ Ke7 20. Qxe5 fxe5 21. Rf7+ Kxe6 22. Rxc7 Rab8 23. Rf1 Rh6 24. Rff7 Kd6 25. Rcd7+ Kc5 26. Rxg7 Bd5 27. Rc7+ Kb5 28. Bd3+ Ka5 29. Rg5 e4 30. Rxd5+ {Black resigns} 1-0

[Event "FICS rated blitz game"]
[Site "FICS freechess.org"]
[FICSGamesDBGameNo "20000111"]
[White "konijn"]
[Black "dirkmann"]
[WhiteElo "1804"]
[BlackElo "1969"]
[WhiteRD "na"]
[BlackRD "na"]
[TimeControl "180+0"]
[Date "1999.01.11"]
[Time "07:19:00"]
[WhiteClock "0:03:00.000"]
[BlackClock "0:03:00.000"]
[ECO "B07"]
[PlyCount "70"]
[Result "0-1"]

1. e4 d6 2. d4 Nf6 3. Nd2 g6 4. f3 Bg7 5. Nb3 O-O 6. Be3 a5 7. Bd3 a4 8. Nd2 Na6 9. Ne2 c5 10. c3 Bd7 11. e5 Ne8 12. f4 a3 13. b3 cxd4 14. cxd4 Nb4 15. Nc4 Bc6 16. O-O Nc7 17. Nc3 dxe5 18. fxe5 Ncd5 19. Nxd5 Qxd5 20. Qf3 Qxf3 21. gxf3 Nxd3 22. Nb6 Ra6 23. d5 Bb5 24. Rfd1 Nxe5 25. Nc4 Nxf3+ 26. Kf2 Bxa1 27. Kxf3 Bxc4 28. bxc4 Bf6 29. c5 Rd8 30. Ke4 Ra4+ 31. Bd4 Rxd4+ 32. Rxd4 Bxd4 33. Kxd4 e6 34. c6 Rxd5+ 35. Kc4 bxc6 {White resigns} 0-1

[Event "FICS rated blitz game"]
[Site "FICS freechess.org"]
[FICSGamesDBGameNo "20000110"]
[White "shaker"]
[Black "Steffi"]
[WhiteElo "1816"]
[BlackElo "1819"]
[WhiteRD "na"]
[BlackRD "na"]
[TimeControl "420+7"]
[Date "1999.01.11"]
[Time "06:58:00"]
[WhiteClock "0:07:00.000"]
[BlackClock "0:07:00.000"]
[ECO "A53"]
[PlyCount "81"]
[Result "1-0"]

1. d4 Nf6 2. c4 d6 3. Nc3 Nbd7 4. e4 e5 5. d5 Be7 6. f3 O-O 7. Be3 Ne8 8. g4 Bh4+ 9. Kd2 Bg5 10. Nge2 Bxe3+ 11. Kxe3 c6 12. Kf2 Qh4+ 13. Kg1 h5 14. Qe1 Qxe1 15. Rxe1 hxg4 16. fxg4 Nc5 17. h3 Nd3 18. Rb1 Nc5 19. Ng3 g6 20. b4 Na6 21. Rh2 c5 22. a3 b6 23. Rf2 Bd7 24. Be2 Kg7 25. Rbf1 cxb4 26. axb4 Nxb4 27. h4 Na6 28. h5 Nc5 29. Kg2 f6 30. g5 f5 31. exf5 gxf5 32. Nxf5+ Bxf5 33. Rxf5 Rxf5 34. Rxf5 a5 35. Bd1 a4 36. Bc2 e4 37. Nxe4 a3 38. Rf1 a2 39. Ra1 Ra3 40. h6+ Kh8 41. Kf2 {Black forfeits on time} 1-0

[Event "FICS rated blitz game"]
[Site "FICS freechess.org"]
[FICSGamesDBGameNo "20000109"]
[White "KidLightning"]
[Black "sweetriangle"]
[WhiteElo "1383"]
[BlackElo "1331"]
[WhiteRD "na"]
[BlackRD "na"]
[TimeControl "240+0"]
[Date "1999.01.07"]
[Time "10:09:00"]
[WhiteClock "0:04:00.000"]
[BlackClock "0:04:00.000"]
[ECO "B22"]
[PlyCount "40"]
[Result "0-1"]

1. e4 c5 2. c3 e6 3. d4 cxd4 4. cxd4 Nc6 5. Nf3 Nf6 6. e5 Nd5 7. Nc3 Bb4 8. Bd2 Qa5 9. Nxd5 Bxd2+ 10. Nxd2 Qxd5 11. Nf3 O-O 12. Be2 b6 13. O-O Bb7 14. b3 Rac8 15. Bc4 Qa5 16. Ng5 f6 17. exf6 Rxf6 18. Qh5 h6 19. Ne4 Qxh5 20. Nxf6+ gxf6 {White resigns} 0-1

[Event "FICS rated lightning game"]
[Site "FICS freechess.org"]
[FICSGamesDBGameNo "20000106"]
[White "Rambocombo"]
[Black "myhandle"]
[WhiteElo "1971"]
[BlackElo "1934"]
[WhiteRD "na"]
[BlackRD "na"]
[TimeControl "60+0"]
[Date "1999.01.05"]
[Time "16:16:00"]
[WhiteClock "0:01:00.000"]
[BlackClock "0:01:00.000"]
[ECO "A45"]
[PlyCount "94"]
[Result "0-1"]

1. d4 d5 2. f3 Nf6 3. e4 e6 4. e5 Ng8 5. Bd3 c5 6. Nh3 Nc6 7. c3 cxd4 8. cxd4 Nxd4 9. Nc3 Nc6 10. Be3 Bd7 11. Bf2 g6 12. O-O Bg7 13. Qd2 Nge7 14. f4 O-O 15. Bh4 Nb4 16. Bb1 Nbc6 17. a3 a6 18. Bd3 Re8 19. Rac1 Qb6+ 20. Kh1 Nf5 21. Bf2 d4 22. Ne4 Ne3 23. Rfe1 Ne7 24. Bxe3 dxe3 25. Qxe3 Qxe3 26. Rxe3 Nd5 27. Ree1 Bc6 28. Bc4 Rec8 29. Bxd5 Bxd5 30. Rxc8+ Rxc8 31. Nf6+ Kf8 32. Nxd5 exd5 33. Ng5 h6 34. Nh7+ Ke7 35. g4 Rh8 36. Nf6 Bxf6 37. exf6+ Kxf6 38. Rc1 Rd8 39. Rc7 Rb8 40. Rd7 d4 41. Rxd4 Kg7 42. Rd7 b5 43. h4 a5 44. f5 gxf5 45. gxf5 b4 46. axb4 axb4 47. Rd3 Rb5 {White forfeits on time} 0-1